 Dungeon Crawl Stone Soup version 0.21.0-3-g78d12a8bdd (webtiles) character file.

225331 KamiKatze the Slicer (level 19, -29/102 HPs)
             Began as a Vine Stalker Fighter on Jan 8, 2018.
             Was a Follower of Uskayaw.
             Killed from afar by a Hell Sentinel (40 damage)
             ... with damnation
             ... summoned by a deep elf demonologist
             ... on level 3 of the Elven Halls on Jan 9, 2018.
             The game lasted 03:10:51 (27422 turns).

KamiKatze the Slicer (Vine Stalker Fighter)        Turns: 27422, Time: 03:10:51

Health: -29/102    AC: 29    Str: 30    XL:     19   Next: 71%
Magic:  0/27       EV: 14    Int:  5    God:    Uskayaw [*.....]
Gold:   2545       SH: 15    Dex: 18    Spells: 18/18 levels left

rFire    . . .     SeeInvis .   a - +1 quick blade (vamp)
rCold    . . .     Gourm    .   c - +0 shield
rNeg     + . .     Faith    .   V - +5 plate armour {rN+}
rPois    .         Spirit   +   J - +2 hat
rElec    .         Reflect  .   O - +2 cloak {+Inv}
rCorr    .         Harm     .   w - +0 pair of gloves
MR       ++++.                  k - +0 pair of boots
Stlth    ..........             R - amulet of regeneration
HPRegen  1.47/turn              M - ring of Vehumet's Regard {MR+ Str+3 Int-3 Dex+4 Stlth+}
MPRegen  0.20/turn              I - ring of protection from magic

@: hasted, very quick
A: fangs 3, regeneration 2, magic shield, antimagic bite, no potion heal 3, rot
immunity
a: Stomp, Renounce Religion, Evoke Invisibility


You were on level 3 of the Elven Halls.
You worshipped Uskayaw.
Uskayaw was aware of your devotion.
You were not hungry.

You visited 5 branches of the dungeon, and saw 27 of its levels.

You collected 2710 gold pieces.
You spent 165 gold pieces at shops.

Inventory:

Hand Weapons
 a - a +1 vampiric quick blade (weapon)
 b - a +1 rapier of venom
 l - a +1 rapier of holy wrath
 x - a +4 rapier of electrocution
Missiles
 e - 622 stones (quivered)
 q - 4 tomahawks
 z - a throwing net
 B - 7 javelins
 Q - 5 steel tomahawks
Armour
 c - a +0 shield (worn)
 k - a +0 pair of boots (worn)
 w - a +0 pair of gloves (worn)
 J - a +2 hat (worn)
 O - a +2 cloak of invisibility (worn)
 V - a +5 plate armour of positive energy (worn)
Jewellery
 g - a +4 ring of strength
 j - an uncursed ring of protection from cold
 r - an uncursed ring of flight
 I - a ring of protection from magic (right hand)
 M - the ring of Vehumet's Regard (left hand) {MR+ Str+3 Int-3 Dex+4 Stlth+}
   (You found it on level 8 of the Dungeon)

   [ring of strength]

   It affects your strength (+3).
   It affects your intelligence (-3).
   It affects your dexterity (+4).
   It affects your resistance to hostile enchantments.
   It makes you more stealthy.
 N - an uncursed ring of resist corrosion
 R - an amulet of regeneration (around neck)
 Y - an uncursed ring of fire
Wands
 p - a wand of clouds (4)
 u - a wand of scattershot (4)
 F - a wand of iceblast (35)
 G - a wand of acid (16)
 H - a wand of paralysis (38)
 K - a wand of disintegration (10)
 L - a wand of flame (56)
 U - a wand of polymorph (11)
Scrolls
 i - 23 scrolls of remove curse
 m - a scroll of amnesia
 o - 3 scrolls of fog
 s - 4 scrolls of magic mapping
 y - a scroll of enchant armour
 C - 8 scrolls of identify
 D - a scroll of holy word
 E - 5 scrolls of fear
Potions
 d - 3 potions of might
 h - 4 potions of flight
 n - 3 potions of lignification
 v - 3 potions of haste
 A - 3 potions of cancellation
 P - a potion of curing
Books
 t - a book of Frost

   Spells                             Type                      Level
   a - Freeze                         Ice                          1
   b - Throw Frost                    Conjuration/Ice              2
   c - Ozocubu's Armour               Charms/Ice                   3
   d - Throw Icicle                   Conjuration/Ice              4
   e - Summon Ice Beast               Ice/Summoning                4
 T - a book of Changes

   Spells                             Type                      Level
   a - Beastly Appendage              Transmutation                1
   b - Sticks to Snakes               Transmutation                2
   c - Spider Form                    Transmutation/Poison         3
   d - Ice Form                       Ice/Transmutation            4
   e - Blade Hands                    Transmutation                5
Comestibles
 f - 61 rations
 S - 8 chunks of flesh


   Skills:
 + Level 12.3 Fighting
 - Level 14.4 Short Blades
 * Level 13.2 Armour
 + Level 9.9 Dodging
 + Level 13.8 Shields
 + Level 10.5 Invocations


You had 18 spell levels left.
You didn't know any spells.

Dungeon Overview and Level Annotations

Branches:
Dungeon (15/15)            Temple (1/1) D:4            Lair (6/6) D:9
  Swamp (0/4) Lair:4        Snake (0/4) Lair:4        Slime (0/5) Lair:6
    Orc (2/2) D:11            Elf (3/3) Orc:2        Vaults (0/5) D:13
 Depths (0/5) D:15

Altars:
Ashenzari
Cheibriados
Dithmenos
Elyvilon
Fedhas
Gozag
Hepliaklqana
Kikubaaqudgha
Makhleb
Nemelex Xobeh
Okawaru
Qazlal
Ru
Sif Muna
Trog
Uskayaw
Vehumet
Wu Jian
Xom
Yredelemnul
Zin
The Shining One
Beogh
Jiyva

Shops:
D:5 *[   D:6 !   D:9 }   D:14 *   Orc:2 **%:

Annotations:
D:9 exclusions: electric eel and 1 more exclusion
Lair:6 1 runed door / need rPois for exclussion, 1 exclusion


Innate Abilities, Weirdness & Mutations

You have razor-sharp teeth.
You heal very quickly.
When hurt, damage is shared between your health and your magic reserves.
Your bite disrupts and absorbs the magic of your enemies.
Potions cannot restore your health.
You are immune to rotting.


Message History

You hit the Hell Sentinel but do no damage.
You bite the Hell Sentinel, but do no damage.
The Hell Sentinel is lightly wounded.
The Hell Sentinel hits you. You block the Hell Sentinel's attack.
The deep elf sorcerer gestures wildly while chanting.
The deep elf sorcerer seems to speed up.
The deep elf sorcerer points at you and mumbles some strange words.
The sphere of damnation explodes!
The damnation engulfs the Hell Sentinel.
The Hell Sentinel completely resists.
The damnation engulfs you!
* * * LOW HITPOINT WARNING * * *
You hear a shout! x7
Okay, then.
You feel yourself speed up.
The deep elf sorcerer wildly gestures.
The deep elf sorcerer's hands start to glow.
The Hell Sentinel falters for a moment.
The Hell Sentinel gestures at you.
The sphere of damnation explodes!
The damnation engulfs you!
You die...

###......4.
#)44#
#1#e4...ee.
#e#######.e
.. #e# #.
#1# #. #.#
#. #.# #.
#@# #.# #.#
#.. #.# ##.
#.# #.. #.#
##.# #.#
#..# #.#
#.## #.#
##.# #)#
#..#


You could see a Hell Sentinel, a Brimstone Fiend, 2 deep elf sorcerers and a
hellwing.

Vanquished Creatures
  Nikola (Elf:2)
  Rupert (D:12)
  A deep elf blademaster (Elf:3)
  Gastronok (D:11)
  Frances (D:12)
  A deep elf annihilator (Elf:3)
  Azrael (D:11)
  3 deep elf demonologists (Elf:3)
  An ettin (D:13)
  6 deep elf death magi
  A fire dragon (D:13)
  An ogre mage (D:15)
  An ice dragon (Lair:4)
  Fannar (D:11)
  5 hydras
  2 catoblepae
  An anaconda (Lair:6)
  5 centaur warriors
  A death knight (D:15)
  8 two-headed ogres
  2 death yaks
  26 dancing weapons
  Urug (D:11)
  6 orc high priests (Orc:2)
  Sonja (D:13)
  29 deep elf knights
  Nergalle (D:10)
  4 skeletal warriors (D:15)
  A fire crab (Lair:6)
  An iron troll (D:13)
  A small abomination (Elf:3)
  4 slime creatures (D:13)
  3 unseen horrors
  9 deep elf archers
  9 orc knights (Orc:2)
  A necromancer (D:15)
  59 deep elf magi
  3 cyclopes
  The ghost of zkobry the Spear-Bearer, a novice DsAK of Lugonu (D:6)
  3 orc sorcerers
  2 wolf spiders (D:15)
  A manticore (D:15)
  5 black mambas
  18 ugly things
  Maurice (D:8)
  20 elephants
  5 centaur zombies
  An ice statue (Lair:4)
  2 naga magi (D:15)
  3 torpor snails
  14 spiny frogs
  3 gargoyles
  An efreet (D:15)
  7 komodo dragons
  A rime drake (Lair:6)
  3 kobold demonologists (D:14)
  3 trolls
  3 meliai
  A queen bee (Lair:5)
  A hornet (D:13)
  14 polar bears
  3 raiju (Lair:6)
  17 blink frogs
  Grinder (D:4)
  A meliai zombie (D:13)
  8 hippogriffs
  A spriggan (D:7)
  4 wyverns
  Sigmund (D:2)
  A vampire (D:15)
  7 wraiths
  23 yaks
  An air elemental (Elf:1)
  6 basilisks
  A water elemental (Elf:1)
  11 fire elementals
  3 fire bats (Lair:2)
  2 hungry ghosts
  13 wargs
  2 vampire mosquitoes (D:14)
  3 nagas (Lair:4)
  Edmund (D:6)
  2 acid dragons
  8 porcupines
  16 hell hounds
  12 water moccasins
  A floating eye (shapeshifter) (Elf:2)
  12 black bears
  31 orc warriors
  A swamp drake (Lair:6)
  6 ice beasts
  16 wolves
  10 centaurs
  3 eyes of draining
  6 boggarts
  11 ogres
  9 crocodiles
  A crocodile (shapeshifter) (Elf:1)
  5 big kobolds
  12 bullfrogs
  An earth elemental (Elf:1)
  A wyvern zombie (D:15)
  4 scorpions
  31 killer bees
  12 wights
  4 spriggan skeletons (D:11)
  A troll skeleton (D:11)
  8 crimson imps
  2 bullfrog zombies
  3 quasits
  6 hounds
  32 orc priests
  10 centaur skeletons
  10 jellies
  Crazy Yiuf (D:3)
  3 bullfrog skeletons
  27 orc wizards
  3 iguanas
  Natasha (thrice) (D:3)
  A hell rat (Lair:5)
  Terence (D:3)
  5 worker ants
  A hound zombie (D:5)
  2 hound skeletons
  6 gnolls
  2 howler monkey skeletons
  10 adders
  2 shadow imps
  3 white imps (Lair:4)
  4 oozes
  2 adder skeletons
  7 worms
  3 dart slugs
  8 leopard geckos
  85 orcs
  2 ball pythons
  5 bats
  5 giant cockroaches
  5 goblins
  9 hobgoblins
  19 jackals
  18 kobolds
  A quokka (D:9)
  6 frilled lizards
  2 quokka skeletons
  15 rats
  4 fungi
984 creatures vanquished.

Vanquished Creatures (others)
  A deep elf knight (Elf:1)
  A deep elf mage (Elf:2)
  21 fungi
  25 plants
48 creatures vanquished.

Grand Total: 1032 creatures vanquished

Notes
Turn   | Place    | Note
-------+----------+-------------------------------------------
     0 | D:1      | KamiKatze the Vine Stalker Fighter began the quest for the Orb.
     0 | D:1      | Reached XP level 1. HP: 11/11 MP: 2/2
   134 | D:1      | Reached skill level 2 in Short Blades
   216 | D:1      | Reached XP level 2. HP: 12/16 MP: 3/3
   257 | D:1      | Reached XP level 3. HP: 7/19 MP: 4/4
   960 | D:2      | Noticed Sigmund
  1007 | D:2      | Found an iron altar of Okawaru.
  1068 | D:2      | Killed Sigmund
  1068 | D:2      | Reached skill level 3 in Short Blades
  1068 | D:2      | Gained mutation: Your natural rate of healing is unusually fast. [Vine Stalker growth]
  1068 | D:2      | Reached XP level 4. HP: 15/24 MP: 5/5
  1068 | D:2      | Reached XP level 5. HP: 17/28 MP: 6/6
  1237 | D:2      | Reached XP level 6. HP: 25/32 MP: 4/7
  1348 | D:2      | Reached skill level 4 in Short Blades
  1504 | D:2      | Found a sparkling altar of Nemelex Xobeh.
  1579 | D:2      | Found a snail-covered altar of Cheibriados.
  1593 | D:2      | Reached XP level 7. HP: 36/37 MP: 8/8
  1959 | D:3      | Noticed Terence
  2002 | D:3      | Killed Terence
  2463 | D:3      | Found an opulent altar of Gozag.
  2582 | D:3      | Noticed Natasha
  2588 | D:3      | Killed Natasha
  2646 | D:3      | Noticed Natasha
  2652 | D:3      | Killed Natasha
  2690 | D:3      | Noticed Natasha
  2699 | D:3      | Killed Natasha
  2734 | D:3      | Found a runed door.
  2738 | D:3      | Noticed Crazy Yiuf
  2742 | D:3      | Killed Crazy Yiuf
  2855 | D:4      | Reached skill level 5 in Short Blades
  3037 | D:4      | Gained mutation: You have razor-sharp teeth. [Vine Stalker growth]
  3037 | D:4      | Reached XP level 8. HP: 42/42 MP: 9/9
  3141 | D:4      | Found a staircase to the Ecumenical Temple.
  3197 | Temple   | Entered the Ecumenical Temple
  3204 | Temple   | Became a worshipper of Uskayaw the Reveler
  3350 | D:4      | Reached * piety under Uskayaw
  3352 | D:4      | Reached ** piety under Uskayaw
  3362 | D:4      | Reached *** piety under Uskayaw
  3423 | D:4      | Noticed Grinder
  3438 | D:4      | Killed Grinder
  3438 | D:4      | Reached skill level 6 in Short Blades
  3438 | D:4      | Reached skill level 5 in Shields
  3565 | D:5      | Entered Level 5 of the Dungeon
  3567 | D:5      | Found Rwkeon's Retail Resort.
  3593 | D:5      | Reached skill level 5 in Fighting
  4100 | D:5      | Found Wownauh's Antique Armour Shoppe.
  4116 | D:5      | Reached **** piety under Uskayaw
  4128 | D:5      | Reached ***** piety under Uskayaw
  4349 | D:6      | Noticed zkobry's ghost (novice DsAK)
  4379 | D:6      | Killed zkobry's ghost
  4379 | D:6      | Reached skill level 7 in Short Blades
  4379 | D:6      | Reached XP level 9. HP: 44/47 MP: 10/10
  4509 | D:6      | Found Busch's Distillery.
  4616 | D:6      | Reached skill level 5 in Armour
  4754 | D:6      | Noticed Edmund
  4776 | D:6      | Killed Edmund
  5892 | D:7      | Noticed a moth of wrath
  5895 | D:7      | Found a bloodstained altar of Trog.
  6055 | D:8      | Reached skill level 8 in Short Blades
  6055 | D:8      | Reached skill level 1 in Invocations
  6117 | D:8      | Reached XP level 10. HP: 33/53 MP: 11/11
  6269 | D:8      | Found the +5 scythe "Finisher" {speed, Str+3}
  6315 | D:8      | Got a glittering steel ring
  6600 | D:8      | Noticed Maurice
  6626 | D:8      | Killed Maurice
  6690 | D:8      | Identified the ring of Vehumet's Regard {MR+ Str+3 Int-3 Dex+4 Stlth+} (You found it on level 8 of the Dungeon)
  6726 | D:9      | Found Joigamem's Gadget Emporium.
  6837 | D:9      | Reached skill level 1 in Dodging
  6953 | D:9      | Found a staircase to the Lair.
  7014 | D:9      | Reached skill level 9 in Short Blades
  7248 | D:9      | Noticed a two-headed ogre
  7256 | D:9      | Killed a two-headed ogre
  7256 | D:9      | Reached XP level 11. HP: 56/58 MP: 14/14
  7796 | Lair:1   | Entered Level 1 of the Lair of Beasts
  7950 | Lair:4   | Noticed a catoblepas
  8278 | Lair:2   | Found a dark tunnel.
  8460 | Lair:2   | Noticed a four-headed hydra
  8476 | Lair:2   | Killed a four-headed hydra
  8487 | Lair:2   | Noticed an eight-headed hydra
  8608 | Lair:3   | Found the +7 Singing Sword
  8806 | Lair:3   | Noticed a four-headed hydra
  9137 | Lair:4   | Reached skill level 10 in Short Blades
  9154 | Lair:4   | Gained mutation: You heal very quickly. [Vine Stalker growth]
  9154 | Lair:4   | Reached XP level 12. HP: 32/63 MP: 16/16
  9162 | Lair:4   | Noticed an ice dragon
  9194 | Lair:4   | Killed an ice dragon
  9389 | Lair:4   | Found a staircase to the Swamp.
  9435 | Lair:4   | Found a staircase to the Snake Pit.
  9539 | Lair:6   | Entered Level 6 of the Lair of Beasts
  9547 | Lair:6   | Reached skill level 5 in Invocations
  9561 | Lair:6   | Noticed a catoblepas
 10525 | Lair:2   | Killed an eight-headed hydra
 10916 | Lair:3   | Killed a four-headed hydra
 10916 | Lair:3   | Reached XP level 13. HP: 30/68 MP: 18/18
 11310 | Lair:3   | Reached skill level 11 in Short Blades
 11451 | Lair:3   | You fall through a shaft for 2 floors!
 12279 | Lair:4   | Reached skill level 10 in Shields
 12487 | Lair:4   | Identified Sif Muna's Compendium of the Mountains
 13445 | Lair:5   | Reached ****** piety under Uskayaw
 13808 | Lair:6   | Reached skill level 5 in Dodging
 13890 | Lair:6   | Found a runed door.
 13890 | Lair:6   | Found a viscous altar of Jiyva.
 13893 | Lair:6   | Found a staircase to the Slime Pits.
 13916 | Lair:6   | Reached XP level 14. HP: 74/74 MP: 20/20
 14511 | Lair:6   | Reached skill level 10 in Armour
 14592 | Lair:6   | Reached skill level 12 in Short Blades
 15622 | D:10     | Entered Level 10 of the Dungeon
 15729 | D:10     | Noticed Nergalle
 15744 | D:10     | Killed Nergalle
 16781 | D:11     | Noticed Gastronok
 16784 | D:11     | Found a staircase to the Orcish Mines.
 16796 | D:11     | Killed Gastronok
 16887 | D:11     | Noticed Fannar
 16911 | D:11     | Killed Fannar
 17075 | D:11     | Noticed Urug
 17109 | D:11     | Killed Urug
 17458 | D:11     | Found a roughly hewn altar of Beogh.
 17488 | Orc:1    | Entered Level 1 of the Orcish Mines
 17610 | Orc:2    | Entered Level 2 of the Orcish Mines
 17692 | Orc:2    | Found a staircase to the Elven Halls.
 18444 | Orc:2    | Reached XP level 15. HP: 79/79 MP: 21/21
 19475 | Orc:2    | Found Logassesm's Book Shoppe.
 19478 | Orc:2    | Found Waheis's Assorted Antiques.
 19479 | Orc:2    | Found Duduopel's Assorted Antiques.
 19480 | Orc:2    | Found Uhiteg's Food Shoppe.
 19483 | Orc:2    | Bought a notched golden ring for 165 gold pieces
 19714 | D:12     | Noticed Azrael
 19759 | D:11     | Killed Azrael
 19892 | D:12     | Noticed Rupert
 19919 | D:12     | Killed Rupert
 20055 | D:12     | Noticed Frances
 20081 | D:12     | Killed Frances
 20081 | D:12     | Reached skill level 13 in Short Blades
 20549 | D:13     | Reached XP level 16. HP: 87/87 MP: 23/23
 20550 | D:13     | Reached XP level 17. HP: 91/91 MP: 24/24
 20595 | D:13     | Noticed Sonja
 20959 | D:13     | Killed Sonja
 21052 | D:13     | Found a gate to the Vaults.
 21223 | D:14     | Found a basalt altar of Yredelemnul.
 21301 | D:14     | Found Utooll's General Store.
 21855 | D:14     | Reached XP level 18. HP: 96/96 MP: 25/25
 22014 | D:15     | Entered Level 15 of the Dungeon
 22673 | D:15     | Found a staircase to the Depths.
 23484 | Elf:1    | Entered Level 1 of the Elven Halls
 24185 | Elf:1    | Found a deep blue altar of Sif Muna.
 24605 | Elf:1    | Reached skill level 14 in Short Blades
 24619 | Elf:1    | Got a coiled marble ring
 24634 | Elf:1    | Identified the ring of Ylenurim {*Tele *Corrode rC+ Int+8} (You found it on level 1 of the Elven Halls)
 24922 | Elf:2    | Noticed Nikola
 25253 | Elf:1    | Reached XP level 19. HP: 88/102 MP: 27/27
 25800 | Elf:2    | Found a runed gate.
 25800 | Elf:2    | Found a runed gate.
 25800 | Elf:2    | Found a runed gate.
 25896 | Elf:2    | Killed Nikola
 25896 | Elf:2    | Reached skill level 10 in Invocations
 26244 | Elf:3    | Entered Level 3 of the Elven Halls
 27318 | Elf:3    | Noticed an Ice Fiend
 27384 | Elf:3    | Noticed a Hell Sentinel
 27401 | Elf:3    | Noticed a Brimstone Fiend
 27422 | Elf:3    | Killed from afar by a Hell Sentinel

Skill      XL: |  1  2  3  4  5  6  7  8  9 10 11 12 13 14 15 16 17 18 19 |
---------------+----------------------------------------------------------+-----
Short Blades   | 2 3 4 5 7 8 9 10 11 12 13 14 | 14.4
Fighting       | 3 4 5 6 7 8 9 11 12 | 12.3
Shields        | 3 4 5 6 7 8 9 10 11 12 13 | 13.8
Armour         | 3 4 5 6 7 8 9 10 11 12 13 | 13.2
Invocations    | 1 3 4 5 6 7 8 9 10 | 10.5
Dodging        | 1 3 4 5 6 8 9 |  9.9

Action                   |  1- 3 |  4- 6 |  7- 9 | 10-12 | 13-15 | 16-18 | 19-21 || total
-------------------------+-------+-------+-------+-------+-------+-------+-------++-------
Melee: Rapier            |   118 |    71 |   539 |   580 |  1656 |   918 |   362 ||  4244
       Bite              |    35 |    26 |   215 |   288 |   873 |   493 |   221 ||  2151
       Quick blade       |       |       |       |       |       |       |   123 ||   123
Throw: Stone             |       |    10 |       |       |       |       |       ||    10
 Abil: Evoke Invisibilit |       |       |       |       |     1 |       |       ||     1
Evoke: Wand              |       |       |       |       |     1 |     4 |       ||     5
  Use: Potion            |     1 |       |       |     2 |     2 |     4 |     1 ||    10
       Scroll            |       |       |     6 |     8 |    13 |    13 |       ||    40
 Stab: Paralysed         |       |       |     9 |    37 |    89 |    49 |    22 ||   206
       Petrified         |       |       |       |       |     4 |       |       ||     4
       Distracted        |       |       |       |       |     1 |       |       ||     1
  Eat: Chunk             |     1 |     2 |    15 |    15 |    19 |    13 |     5 ||    70
       Ration            |       |       |       |       |     4 |     1 |     2 ||     7
Armor: Scale mail        |    30 |    13 |    29 |       |       |       |       ||    72
       Chain mail        |       |       |   116 |   181 |    55 |       |       ||   352
       Plate armour      |       |       |       |       |   487 |   195 |    91 ||   773
Dodge: Dodged            |    29 |    23 |    91 |   139 |   370 |   195 |    72 ||   919
Block: Shield            |    48 |    36 |   214 |   294 |   782 |   290 |   157 ||  1821
